Map: Submarine LE

Players

SouLeer

  • Race: Zerg Zerg
  • League: Grandmaster
  • Spawn Location: 5:00

milkicow - Winner!

  • Race: Terran Terran
  • League: Grandmaster
  • Spawn Location: 11:00

Event: DreamHack SC2 Masters 2020 Winter

VOD

Have the link to the VOD?

Description

Time

  • Played on: Nov. 1, 2020, 1:07 p.m.
  • Length: 11:01

All games in this series

Show
View Real Time Build Order
Export as new Build Order

SouLeer Zerg 

Build Orders: Hatch First, Muta Ling Bane 

Get SALT Encoding   

  12  0:00  Drone  
  13  0:14  Overlord  
  13  0:16  Drone  
  14  0:33  Drone x2  
  16  0:47  Hatchery  
  15  0:51  Drone  
  15  0:54  Drone  
  17  0:58  Drone  
  18  1:08  Extractor  
  17  1:14  Spawning Pool  
  17  1:17  Drone  
  17  1:20  Drone  
  18  1:31  Drone  
  19  1:41  Drone  
  20  1:51  Overlord  
  20  2:01  Queen x2  
  20  2:02  Zergling x4  
  26  2:12  Zergling x2, Spine Crawler  
  26  2:15  Zergling x2  
  26  2:22  Drone  
  28  2:25  Drone  
  28  2:29  Spore Crawler  
  28  2:34  Drone  
  30  2:37  Overlord  
  30  2:41  Queen  
  30  2:42  Metabolic Boost  
  32  2:50  Drone x2  
  34  2:54  Drone  
  35  2:58  Queen  
  35  3:01  Drone  
  35  3:05  Drone  
  39  3:08  Drone  
  39  3:11  Drone x2  
  42  3:15  Overlord  
  42  3:18  Drone  
  43  3:22  Drone  
  44  3:28  Overlord  
  44  3:35  Drone  
  45  3:42  Hatchery  
  45  3:43  Overlord  
  44  3:49  Drone x3  
  44  3:53  Drone x2  
  48  4:00  Drone x2  
  50  4:03  Queen  
  50  4:07  Overlord  
  52  4:10  Overlord  
  52  4:15  Drone x2, Extractor  
  53  4:18  Zergling x4  
  53  4:21  Overlord  
  55  4:25  Drone x3  
  55  4:28  Drone  
  55  4:31  Drone  
  60  4:33  Drone  
  60  4:36  Zergling x2  
  62  4:41  Spore Crawler  
  62  4:43  Drone x3, Spore Crawler  
  63  4:46  Drone  
  63  4:48  Lair  
  64  4:53  Drone  
  64  4:55  Evolution Chamber  
  64  4:57  Spore Crawler  
  63  5:00  Overlord  
  63  5:02  Drone x2  
  62  5:07  Drone x2  
  62  5:10  Zergling x4  
  62  5:11  Zergling x2  
  67  5:19  Evolution Chamber  
  67  5:21  Baneling Nest, Zerg Melee Weapons Level 1  
  64  5:24  Drone x3  
  64  5:25  Drone  
  64  5:26  Drone  
  69  5:32  Zergling x4  
  69  5:33  Overlord  
  71  5:38  Drone x2  
  71  5:42  Drone x4  
  73  5:46  Drone x4  
  75  5:52  Overseer  
  75  5:53  Zerg Ground Armor Level 1  
  75  5:56  Extractor  
  71  5:57  Drone x5  
  71  5:59  Drone x2  
  71  6:03  Drone x3  
  80  6:08  Drone  
  80  6:12  Extractor, Centrifical Hooks  
  80  6:15  Drone x3, Extractor  
  80  6:16  Extractor  
  80  6:18  Queen  
  80  6:20  Drone x2  
  79  6:30  Overlord  
  79  6:34  Baneling  
  79  6:35  Drone x3  
  79  6:36  Drone x2  
  84  6:42  Spire, Overlord  
  84  6:47  Hatchery  
  82  6:50  Overlord  
  82  6:55  Drone x6  
  82  6:56  Overlord  
  88  7:02  Zergling x2  
  88  7:03  Zergling x8  
  88  7:07  Zergling x8  
  94  7:16  Overlord  
  94  7:20  Drone x2  
  96  7:23  Drone x3  
  96  7:28  Zergling x4  
  96  7:29  Zergling x4  
  103  7:30  Zergling x2  
  103  7:34  Zergling x6  
  103  7:35  Baneling  
  103  7:36  Baneling x8  
  107  7:37  Zerg Melee Weapons Level 2  
  107  7:40  Zergling x6  
  110  7:45  Hatchery  
  110  7:51  Baneling, Zergling x6  
  111  7:52  Baneling x6  
  111  7:56  Zergling x6  
  111  8:02  Zergling x4  
  110  8:07  Hatchery  
  110  8:11  Zergling x2  
  110  8:12  Zergling x6  
  114  8:14  Overlord x2  
  114  8:15  Overlord  
  114  8:16  Zerg Ground Armor Level 2  
  114  8:23  Baneling x4  
  114  8:25  Overseer  
  114  8:26  Pneumatized Carapace  
  114  8:27  Overlord  
  114  8:33  Mutalisk x5  
  113  8:39  Zerg Flyer Weapons Level 1, Overlord  
  121  8:44  Overlord  
  121  8:46  Zergling x10  
  121  8:47  Zergling x6  
  129  8:50  Overlord  
  129  8:54  Zergling x2  
  129  8:57  Zergling x2  
  129  8:58  Zergling x2  
  120  9:04  Zergling x4  
  120  9:06  Mutalisk x3  
  118  9:10  Hatchery  
  118  9:12  Mutalisk  
  118  9:14  Mutalisk x3  
  118  9:16  Baneling  
  118  9:17  Baneling x4  
  120  9:22  Mutalisk  
  122  9:29  Mutalisk x2  
  126  9:35  Zergling x10  
  126  9:38  Mutalisk  
  131  9:43  Mutalisk  
  131  9:45  Zergling x6  
  138  9:47  Baneling x2  
  138  9:49  Zergling x2  
  139  9:54  Zergling x2  
  139  9:59  Zergling x2  
  122  10:00  Zergling x4  
  122  10:02  Zergling x4  
  122  10:04  Baneling x9  
  120  10:10  Zergling x8  
  116  10:14  Zergling x4  
  116  10:19  Zergling x4  
  116  10:23  Zergling x2  
  116  10:28  Zergling x2  
  118  10:31  Baneling x6  
  118  10:32  Baneling x5  
  118  10:33  Zergling x4  
  116  10:38  Zergling x2  
  106  10:44  Zergling x2  
Show
View Real Time Build Order
Export as new Build Order

milkicow Terran - Winner!

Build Orders: Reaper Expand, Hellion Banshee 

Get SALT Encoding   

  12  0:00  SCV  
  13  0:12  SCV  
  14  0:17  Supply Depot  
  14  0:24  SCV  
  15  0:39  SCV, Barracks  
  16  0:44  Refinery  
  16  0:51  SCV  
  17  1:03  SCV  
  18  1:15  SCV  
  19  1:28  Orbital Command, Reaper  
  20  1:42  Command Center  
  20  1:51  Supply Depot  
  20  1:54  SCV  
  20  2:00  Marine  
  22  2:07  SCV  
  23  2:15  Factory  
  23  2:19  SCV  
  23  2:21  Barracks Reactor  
  24  2:27  Refinery  
  24  2:31  SCV  
  25  2:43  SCV  
  25  2:55  SCV, Orbital Command  
  26  3:01  Starport  
  26  3:07  SCV  
  26  3:09  Hellion x2  
  26  3:10  Barracks Tech Lab  
  31  3:14  Orbital Command  
  31  3:19  Supply Depot, SCV  
  32  3:31  SCV, Hellion x2  
  37  3:40  SCV  
  38  3:43  SCV  
  38  3:45  Cloaking Field  
  38  3:46  Banshee  
  42  3:52  SCV, Hellion  
  42  3:55  SCV, Hellion  
  47  4:01  Supply Depot  
  48  4:04  SCV  
  48  4:08  SCV  
  49  4:10  Barracks Tech Lab  
  49  4:16  SCV  
  50  4:20  SCV  
  50  4:23  Command Center  
  51  4:29  SCV, Banshee  
  55  4:32  SCV, Supply Depot  
  56  4:40  Marine, Stimpack  
  56  4:41  SCV  
  58  4:46  Factory Reactor  
  58  4:47  Barracks  
  58  4:48  SCV  
  58  4:52  Barracks  
  59  4:54  SCV  
  60  5:01  SCV  
  60  5:06  SCV  
  62  5:10  Refinery, Engineering Bay x2  
  62  5:12  Marine  
  62  5:13  SCV  
  64  5:18  SCV  
  65  5:24  Starport Reactor  
  65  5:25  SCV  
  69  5:28  Siege Tank  
  69  5:30  Refinery  
  69  5:31  SCV  
  70  5:37  SCV, Terran Infantry Armor Level 1, Terran Infantry Weapons Level 1  
  70  5:41  Orbital Command  
  65  5:43  SCV  
  65  5:44  Marine  
  65  5:46  Marine  
  65  5:48  Marine  
  69  5:50  SCV  
  69  5:51  Marine x2  
  69  5:55  Supply Depot, SCV  
  73  6:01  Marine  
  74  6:04  Marine, Siege Tank, Medivac  
  74  6:05  SCV  
  74  6:06  Marine  
  74  6:10  SCV, Orbital Command  
  83  6:13  Supply Depot  
  83  6:14  Marine  
  83  6:17  SCV  
  85  6:21  Marine  
  85  6:23  Combat Shield, SCV  
  87  6:28  Barracks x2  
  87  6:30  Armory, SCV  
  87  6:32  Supply Depot  
  88  6:35  SCV, Marine  
  88  6:36  Marine  
  88  6:37  Widow Mine, Medivac  
  88  6:38  SCV  
  96  6:42  SCV  
  96  6:45  Medivac  
  99  6:47  SCV  
  99  6:50  SCV  
  99  6:52  Supply Depot  
  99  6:53  Marine x3  
  99  6:54  SCV  
  105  6:57  Marine  
  105  6:58  Supply Depot  
  105  7:00  SCV  
  107  7:02  SCV  
  107  7:06  SCV  
  109  7:13  Marine  
  109  7:14  Siege Tank, Medivac, SCV x2  
  117  7:16  Supply Depot  
  117  7:21  Supply Depot  
  117  7:22  SCV  
  118  7:24  Marine  
  118  7:26  SCV, Barracks Reactor x2  
  118  7:29  SCV  
  121  7:30  Supply Depot  
  121  7:31  Supply Depot, Barracks  
  121  7:32  Barracks  
  121  7:39  Marine x2  
  123  7:47  Marine x2  
  123  7:49  SCV x2  
  123  7:50  Marine  
  128  7:52  Siege Tank  
  128  7:55  SCV  
  128  7:57  Marine x2  
  134  8:01  SCV, Marine  
  134  8:03  Terran Infantry Weapons Level 2  
  134  8:05  Marine x2, Terran Infantry Armor Level 2  
  131  8:14  Supply Depot, Barracks  
  131  8:16  Marine x4  
  131  8:17  Marine x2  
  131  8:19  Marine, Supply Depot  
  138  8:20  Marine x2, Supply Depot  
  138  8:22  Marine  
  138  8:25  Marine  
  136  8:34  Marine x3, Siege Tank, Medivac  
  136  8:35  Medivac  
  136  8:37  Supply Depot, Refinery x2  
  136  8:38  SCV  
  136  8:40  Supply Depot  
  136  8:41  Marine x2  
  149  8:46  Marine x2  
  151  8:53  Marine  
  152  9:00  SCV, Marine  
  154  9:03  Missile Turret x2, Marine  
  154  9:04  Missile Turret  
  154  9:05  Marine  
  154  9:06  SCV  
  154  9:07  SCV  
  154  9:08  Barracks Tech Lab, Barracks Reactor x2  
  150  9:12  Marine  
  151  9:19  Marine x2, Marauder  
  151  9:21  Marine  
  151  9:22  SCV  
  157  9:27  Missile Turret  
  157  9:32  Marine x6  
  157  9:36  Missile Turret  
  157  9:37  Sensor Tower  
  164  9:40  Marine, Marauder  
  164  9:44  Command Center  
  166  9:47  Marine  
  166  9:50  Marine  
  166  9:51  Marauder  
  163  10:01  Marine  
  163  10:05  Marauder, Marine  
  163  10:06  Marine x8  
  174  10:11  Marine  
  174  10:12  Marine, Marauder  
  168  10:15  Thor  
  173  10:22  Marine  
  173  10:25  Marine x2  
  176  10:31  Marauder  
  176  10:34  Marine  
  178  10:39  Marine, Marauder  
  178  10:40  Marine x2  
  178  10:41  Marine x3  
  174  10:42  Marine  
  174  11:01  Factory  
Tags
 
Add a new tag
Caveats
  • Supply blocks, unpowered buildings, or Contaminate may cause inaccurate times.
  • Supply counts are checked every 10 seconds.